 Dungeon Crawl Stone Soup version 0.19.1 (webtiles) character file.

56 ImaNewbie the Cutter (level 3, -2/29 HPs)
             Began as a Draconian Wanderer on Dec 2, 2016.
             Slain by an adder (4 damage)
             ... on level 2 of the Dungeon.
             The game lasted 00:04:56 (2204 turns).

ImaNewbie the Cutter (Draconian Wanderer)           Turns: 2204, Time: 00:04:57

Health: -2/29      AC:  5    Str: 19    XL:     3   Next: 69%
Magic:  4/4        EV: 11    Int: 13    God:
Gold:   107        SH:  0    Dex: 10    Spells: 0 memorised, 4 levels left

rFire  . . .     SeeInvis .     o - +0 short sword (curse)
rCold  . . .     Gourm    .     (armour unavailable)
rNeg   . . .     Faith    .     (no shield)
rPois  .         Spirit   .     (helmet restricted)
rElec  .         Reflect  .     (no cloak)
rCorr  .         Harm     .     (no gloves)
MR     .....                    (no boots)
Stlth  ++........               (no amulet)
                                (no ring)
                                (no ring)

@: mighty, lethally poisoned (-2 -> -12)
A: unfitting armour, cold-blooded, AC +5
a: no special abilities


You were on level 2 of the Dungeon.
You were not hungry.

You visited 1 branch of the dungeon, and saw 2 of its levels.

You collected 107 gold pieces.

Inventory:

Hand Weapons
 b - a +0 falchion
 d - a +0 dagger
 o - a cursed +0 short sword (weapon)
 s - a cursed -1 short sword
Jewellery
 r - an uncursed ring of fire
Scrolls
 e - 2 scrolls of identify {unknown}
 h - a scroll of teleportation {unknown}
 j - a scroll of immolation {unknown}
 k - 2 scrolls of magic mapping {unknown}
 l - a scroll of noise {unknown}
 n - a scroll of remove curse {unknown}
 t - a scroll of recharging {unknown}
 u - a scroll of enchant armour {unknown}
Potions
 g - a potion of might
 i - a potion of cure mutation {unknown}
 m - 2 potions of brilliance {unknown}
 q - a potion of lignification {unknown}
Books
 a - a book of Spatial Translocations

   Spells                             Type                      Level
   a - Blink                          Translocation                2
   b - Shroud of Golubria             Charms/Translocation         2
   c - Lesser Beckoning               Translocation                3
   d - Portal Projectile              Translocation                3
   e - Teleport Other                 Translocation                3
   f - Passage of Golubria            Translocation                4
 c - the Compendium of Talismans

   Spells                             Type                      Level
   a - Infusion                       Charms                       1
   b - Spectral Weapon                Hexes/Charms                 3
Comestibles
 f - a bread ration


   Skills:
 - Level 2.1 Fighting
 + Level 3.6 Short Blades
 - Level 1.0 Throwing
 - Level 2.6 Stealth
 - Level 1.0 Spellcasting
   Level 2.0 Translocations


You had 4 spell levels left.
You didn't know any spells.

Dungeon Overview and Level Annotations

Branches:
Dungeon (2/15)

Altars:
Uskayaw


Innate Abilities, Weirdness & Mutations

Your plain brown scales are hard. (AC +5)
You cannot fit into any form of body armour.
You are cold-blooded and may be slowed by cold attacks.


Message History

The adder poisons you!
You miss the adder.
The adder is almost dead.
The adder barely misses you.
You miss the adder.
The adder is almost dead.
* * * LOW HITPOINT WARNING * * *
You feel sick. The adder bites you but does no damage.
You completely miss the adder.
The adder is almost dead.
* * * LOW HITPOINT WARNING * * *
You feel sick. The adder bites you.
* * * LOW HITPOINT WARNING * * *
You are more poisoned.
The adder poisons you!
It was a potion of might.
You feel very mighty all of a sudden.
* * * LOW HITPOINT WARNING * * *
You feel sick. The adder bites you.
You die...

##.###....##S###.. #
.................. ...
................. ...
............# (..
##.....#### .# ..
.#.##.....# ####..# #
..........# #.....# #
.#..##†.#)###.##..# #
#..##..#@).......#.#.####
......S.................
..............###.#.####
#..###.#.##..#.###.#.##..
#......#.##..#.#.#.#.##.#
#......#.##..#........#.#
.....................#.#
..................#.....
......#.##..###...).###.


You could see an adder.

Vanquished Creatures
  A worm (D:2)
  A dart slug (D:1)
  A giant cockroach (D:2)
  7 hobgoblins
  7 jackals
  A quokka (D:2)
  A ball python (D:1)
  5 bats
  5 frilled lizards
  7 goblins
  5 kobolds
  3 rats
44 creatures vanquished.

Vanquished Creatures (others)
  A rat (D:1)
1 creature vanquished.

Grand Total: 45 creatures vanquished

Notes
Turn   | Place    | Note
-------+----------+-------------------------------------------
     0 | D:1      | ImaNewbie the Draconian Wanderer began the quest for the Orb.
     0 | D:1      | ImaNewbie set off with: a book of Spatial Translocations, a +0 falchion, the Compendium of Talismans, a +0 dagger, a bread ration
     0 | D:1      | Reached XP level 1. HP: 17/17 MP: 2/2
     0 | D:1      | Identified the Compendium of Talismans
   455 | D:1      | Reached skill level 2 in Short Blades
   689 | D:1      | Reached XP level 2. HP: 24/24 MP: 3/3
  1155 | D:1      | Reached skill level 3 in Short Blades
  1296 | D:2      | Reached XP level 3. HP: 29/29 MP: 4/4
  1914 | D:2      | Found a hide-covered altar of Uskayaw.
  2204 | D:2      | Slain by an adder

Skill      XL: |  1  2 |
---------------+-------+-----
Short Blades   | 2 3 |  3.6
Fighting       | |  2.1
Throwing       | |  1.0
Stealth        | |  2.6
Spellcasting   | |  1.0
Translocations | |  2.0

Action                   || total
-------------------------++-------
Melee: Dagger            ||   118
       Tailslap          ||    20
       Short sword       ||    94
  Use: Potion            ||     1
 Stab: Distracted        ||     1
       Sleeping          ||     4
  Eat: Chunk             ||     4
Armor: Skin              ||    75
Dodge: Dodged            ||   143
